 Dungeon Crawl Stone Soup version 0.24-a0-244-ga6a6ab7d13 (webtiles) character file.

Game seed: 1190882430094987536

17 Redear the Gusty (level 2, 13/20 HPs)
             Began as a Demigod Air Elementalist on Apr 8, 2019.
             Quit the game on level 1 of the Dungeon on Apr 10, 2019.
             The game lasted 00:02:03 (187 turns).

Redear the Gusty (Demigod Air Elementalist)          Turns: 187, Time: 00:02:04

Health: 13/20      AC:  2    Str: 11    XL:     2   Next: 30%
Magic:  0/7        EV: 12    Int: 19    God:
Gold:   18         SH:  0    Dex: 16    Spells: 4/5 levels left

rFire    . . .     SeeInvis .   (no weapon)
rCold    . . .     Gourm    .   (no shield)
rNeg     . . .     Faith    .   a - +0 robe
rPois    .         Spirit   .   (no helmet)
rElec    .         Reflect  .   (no cloak)
rCorr    .         Harm     .   (no gloves)
MR       .....                  (no boots)
Stlth    ++........             (no amulet)
HPRegen  0.06/turn              (no ring)
MPRegen  0.10/turn              (no ring)

@: no status effects
A: high mp 1
a: no special abilities


You were on level 1 of the Dungeon.
You were not hungry.

You visited 1 branch of the dungeon, and saw 1 of its levels.

You collected 18 gold pieces.

Inventory:

Armour
 a - a +0 robe (worn)
Comestibles
 z - a ration


   Skills:
 - Level 1.7 Dodging
 - Level 1.7 Stealth
 + Level 2.1 Spellcasting
 + Level 1.4 Conjurations
 + Level 3.0 Air Magic


You had 4 spell levels left.
You knew the following spells:

 Your Spells              Type           Power        Failure   Level  Hunger
a - Shock                 Conj/Air       ##..         7%          1    #......

Your spell library contained the following spells:

 Spells                   Type           Power        Failure   Level  Hunger
 Swiftness                Chrm/Air       #.......     14%         2    ##.....
 Static Discharge         Conj/Air       ##......     21%         3    ###....
 Airstrike                Air            ##........   43%         4    #####..
 Lightning Bolt           Conj/Air       ##........   88%         5    ######.


Dungeon Overview and Level Annotations

Branches:
Dungeon (1/15)


Innate Abilities, Weirdness & Mutations

You have an increased reservoir of magic. (+10% MP)


Message History

Press: ? - help, Shift-Dir - straight line The zap hits the hobgoblin but does no damage.
The hobgoblin is lightly wounded.
The hobgoblin hits you but does no damage.
A goblin comes into view.
You now have 1/7 mp.
Casting: Shock (safe; 7% risk of failure)
Confirm with . or Enter, or press ? or * to list all spells.
Aiming: Shock (safe; 7% risk of failure)
Press: ? - help, Shift-Dir - straight line The zap misses the hobgoblin.
The goblin shouts!
The hobgoblin barely misses you.
You now have 0/7 mp.
Saving game... please wait.
Welcome back, Redear the Demigod Air Elementalist.
Press ? for a list of commands and other information.
Quiver which item? (- for none, * to show all) (? for menu, Esc to quit)
Okay, then.
Are you sure you want to abandon this character and quit the game? (Confirm with "yes".)

.(....## #########
#...... #..[....#
#.g..###.
##...8†8.###........
#.........##........
#........8##..$..###
#.#..###..##.....#
#.#..#k#...#g##.##
#.#..#h#..8#@# .#
#.#..#h#.....# .
#.#..#l#..8### #
#.#..#S#...#
#<#..###..##
###......8#
#.......# ##.8.8.##
#.....#


You could see a hobgoblin and a goblin.

Vanquished Creatures
  A gnoll (D:1)
  5 jackals (D:1)
  A rat (D:1)
7 creatures vanquished.

Notes
Turn   | Place    | Note
-------+----------+-------------------------------------------
     0 | D:1      | Redear the Demigod Air Elementalist began the quest for the
                  | Orb.
     0 | D:1      | Reached XP level 1. HP: 14/14 MP: 5/5
     8 | D:1      | Noticed a lindwurm
     8 | D:1      | Noticed a hound
     8 | D:1      | Noticed a polar bear
     8 | D:1      | Noticed a water moccasin
     9 | D:1      | Reached skill level 1 in Conjurations
    29 | D:1      | Reached skill level 2 in Spellcasting
   142 | D:1      | Reached skill level 3 in Air Magic
   142 | D:1      | Reached XP level 2. HP: 10/20 MP: 0/7
   187 | D:1      | Upgraded the game from 0.24-a0-235-g3f03afcf10 to
                  | 0.24-a0-244-ga6a6ab7d13
   187 | D:1      | Quit the game

Levels and vault maps discovered:
D:1:      onia_arrival_zoo_common, layout_basic

Skill      XL: |  1 |
---------------+----+-----
Conjurations   | 1 |  1.4
Spellcasting   | 2 |  2.1
Air Magic      | 3 |  3.0
Dodging        | |  1.7
Stealth        | |  1.7

Action                   || total
-------------------------++-------
Melee: Unarmed           ||    10
 Cast: Shock             ||    15
Armor: Robe              ||     4
Dodge: Dodged            ||    15

Table legend:
 A = Non-vault XP
 B = Vault XP
 C = Vault XP percentage of total XP
 D = Non-vault monster count
 E = Vault monster count
 F = Vault count percentage of total count
                 A         B        C        D         E       F
            +---------+---------+-------+---------+---------+-------
      Total |      25 |       0 |   0.0 |       7 |       0 |   0.0
            +---------+---------+-------+---------+---------+-------
        D:1 |      25 |       0 |   0.0 |       7 |       0 |   0.0
            +---------+---------+-------+---------+---------+-------
